 Dungeon Crawl Stone Soup version 0.19-a0-1714-gcab94ab (webtiles) character file.

1147 kae the Carver (level 8, 0/58 HPs)
             Began as a Formicid Fighter on Sept 28, 2016.
             Was an Initiate of Qazlal.
             Slain by an orc warrior
             ... wielding a +0 hand axe
              (8 damage)
             ... on level 6 of the Dungeon.
             The game lasted 00:05:51 (5852 turns).

kae the Carver (Formicid Fighter)                   Turns: 5852, Time: 00:05:52

Health: 0/58       AC:  9    Str: 22    XL:     8   Next: 64%
Magic:  8/8        EV: 15    Int:  9    God:    Qazlal [......]
Gold:   277        SH: 10    Dex: 15    Spells: 0 memorised, 7 levels left

rFire  . . .     SeeInvis +     a - +1 long sword
rCold  . . .     Gourm    .     b - +0 scale mail
rNeg   . . .     Faith    .     c - +0 shield
rPois  .         Spirit   .     (helmet unavailable)
rElec  .         Dismiss  .     (no cloak)
rCorr  .         Reflect  .     l - +0 pair of gloves
MR     .....     Harm     .     (no boots)
Stlth  +.........               (no amulet)
                                (no ring)
                                m - +2 ring of evasion

@: agile
A: permanent stasis, dig shafts and tunnels, four strong arms, antennae 3
a: Dig, Shaft Self, Renounce Religion


You were on level 6 of the Dungeon.
You worshipped Qazlal.
Qazlal was noncommittal.
You were not hungry.

You visited 2 branches of the dungeon, and saw 7 of its levels.

You collected 277 gold pieces.

Inventory:

Hand Weapons
 a - a +1 long sword (weapon)
Armour
 b - a +0 scale mail (worn)
 c - a +0 shield (worn)
 l - a +0 pair of gloves (worn)
Jewellery
 h - an uncursed ring of flight {unknown}
 m - a +2 ring of evasion (left hand)
 q - an uncursed amulet of faith {unknown}
Wands
 j - a wand of lightning (7/15)
 o - a wand of enslavement (6/24)
Scrolls
 e - 2 scrolls of remove curse
 n - 2 scrolls of amnesia
 p - 7 scrolls of identify
Potions
 d - a potion of haste {unknown}
 g - a potion of mutation {unknown}
 k - a potion of brilliance {unknown}
 r - a potion of cure mutation {unknown}
 s - a potion of agility
Comestibles
 f - 4 bread rations
 i - 3 meat rations
 t - a slice of pizza
 u - a chunk of flesh


   Skills:
 - Level 3.2 Fighting
 + Level 9.9 Long Blades
 - Level 3.2 Armour
 - Level 3.6 Shields


You had 7 spell levels left.
You didn't know any spells.

Dungeon Overview and Level Annotations

Branches:
Dungeon (6/15)             Temple (1/1) D:5

Altars:
Ashenzari
Cheibriados
Dithmenos
Elyvilon
Fedhas
Gozag
Hepliaklqana
Kikubaaqudgha
Makhleb
Okawaru
Qazlal
Ru
Sif Muna
Trog
Vehumet
Xom
Yredelemnul
Zin

Shops:
D:6 [


Innate Abilities, Weirdness & Mutations

You are under a permanent stasis effect.
You can dig through walls and to a lower floor.
Your four strong arms can wield two-handed weapons with a shield.
You have a pair of large antennae on your head. (SInv)


Message History

You block the orc wizard's attack.
You barely miss the orc warrior.
The orc warrior is severely wounded.
You block the orc wizard's attack. You block the orc warrior's attack.
You hit the orc warrior but do no damage.
The orc warrior is severely wounded.
The orc wizard mumbles some strange words.
The orc wizard flickers and vanishes for a moment.
The orc warrior hits you with a hand axe!
* * * LOW HITPOINT WARNING * * *
Are you sure you want to shaft yourself?
You feel quite a bit more hungry. The orc wizard hits you with a dagger.
* * * LOW HITPOINT WARNING * * *
The orc warrior hits you with a hand axe.
* * * LOW HITPOINT WARNING * * *
You begin to dig a shaft.
You continue digging a shaft.
The orc wizard points at you and mumbles some strange words.
The magic dart hits the orc wizard.
You block the orc wizard's attack.
The orc warrior hits you with a hand axe!
You die...

......o.......#...#........#
..............#...#........#
########......#...#........#
#......#...#...#+#..#
#......'...#...+∩'..'
#..o...#...#...#+#..# #######
#......#####........# #.....#
###o###.....#####'#.. #.....#
#.o@.#.....#.....#.. #.....#
#....#.....#.....#.. #.....#
#....#.....#.....#..
#.....##########.....#..##.#..
#.................############
#.................#
#.................#
#.................#
#.................#


You could see an orc warrior and 2 orc wizards.

Vanquished Creatures
  An ice beast (D:6)
  A sky beast (D:6)
  An ogre (D:4)
  The ghost of Xiguana the Skirmisher, an amateur DsCK of Xom (D:3)
  A big kobold (D:6)
  2 bullfrogs (D:6)
  A wyvern zombie (D:6)
  2 howler monkeys
  A centaur zombie (D:6)
  A quasit (D:5)
  A bullfrog zombie (D:5)
  2 orc wizards
  2 hounds
  A centaur skeleton (D:5)
  An iguana (D:6)
  A hound skeleton (D:5)
  4 adders
  4 oozes
  2 adder zombies (D:5)
  5 worms
  A dart slug (D:2)
  A leopard gecko (D:2)
  9 orcs
  A ball python (D:1)
  9 bats
  4 giant cockroaches
  6 goblins
  6 hobgoblins
  6 jackals
  14 kobolds
  6 quokkas
  13 frilled lizards
  A jackal skeleton (D:4)
  A quokka zombie (D:5)
  7 rats
120 creatures vanquished.

Vanquished Creatures (others)
  An orc wizard (D:4)
1 creature vanquished.

Grand Total: 121 creatures vanquished

Notes
Turn   | Place    | Note
-------+----------+-------------------------------------------
     0 | D:1      | kae the Formicid Fighter began the quest for the Orb.
     0 | D:1      | Reached XP level 1. HP: 18/18 MP: 1/1
   102 | D:1      | Reached XP level 2. HP: 14/24 MP: 2/2
   345 | D:1      | Reached skill level 3 in Long Blades
   537 | D:1      | Reached XP level 3. HP: 29/29 MP: 3/3
  1077 | D:2      | Reached XP level 4. HP: 28/35 MP: 4/4
  1098 | D:2      | Reached skill level 4 in Long Blades
  2178 | D:3      | Reached XP level 5. HP: 41/41 MP: 5/5
  2215 | D:3      | Noticed Xiguana's ghost (amateur DsCK)
  2235 | D:3      | Killed Xiguana's ghost
  2235 | D:3      | Reached skill level 5 in Long Blades
  2235 | D:3      | Reached XP level 6. HP: 30/47 MP: 6/6
  2764 | D:3      | Reached skill level 6 in Long Blades
  2788 | D:3      | Found a white marble altar of Elyvilon.
  3636 | D:4      | Noticed an ogre
  3644 | D:4      | Killed an ogre
  3644 | D:4      | Reached skill level 7 in Long Blades
  3644 | D:4      | Reached XP level 7. HP: 49/52 MP: 7/7
  3907 | D:5      | Entered Level 5 of the Dungeon
  4257 | D:5      | Found a shadowy altar of Dithmenos.
  4377 | D:5      | Found a staircase to the Ecumenical Temple.
  4504 | Temple   | Entered the Ecumenical Temple
  4651 | Temple   | Became a worshipper of Qazlal Stormbringer
  4699 | D:5      | Reached skill level 8 in Long Blades
  5108 | D:6      | Found a snail-covered altar of Cheibriados.
  5258 | D:6      | Reached XP level 8. HP: 58/58 MP: 8/8
  5342 | D:6      | Reached skill level 9 in Long Blades
  5700 | D:6      | Found Yjuuqoul's Armour Shoppe.
  5852 | D:6      | Slain by an orc warrior

Vault maps used:
D:1:      kennysheep_arrival_forest, serial_park_tiny_pond, minmay_lizard_pond
D:2:      eino_curves_02, minmay_door_square
D:3:      marbit_many_paths, first_bread, minivault_23
D:5:      nicolae_dithmenos_shadow_blocks
D:6:      overflow_temple_1_default, serial_shops, nicolae_shop_behind_doors
Temple:   regret_index_temple_sphere_string

Skill      XL: |  1  2  3  4  5  6  7  8 |
---------------+-------------------------+-----
Long Blades    | 3 4 5 7 8 9 |  9.9
Fighting       | |  3.2
Armour         | |  3.2
Shields        | |  3.6

Action                   |  1- 3 |  4- 6 |  7- 9 || total
-------------------------+-------+-------+-------++-------
Melee: Long sword        |   152 |   256 |   196 ||   604
 Abil: Shaft Self        |       |       |     1 ||     1
  Use: Scroll            |       |    10 |     1 ||    11
       Potion            |       |     2 |     1 ||     3
  Eat: Chunk             |     1 |     8 |     4 ||    13
       Fruit             |       |       |     3 ||     3
       Beef jerky        |       |       |     1 ||     1
Armor: Scale mail        |    87 |    72 |    52 ||   211
Dodge: Dodged            |    63 |    87 |    77 ||   227
Block: Shield            |   109 |   113 |    86 ||   308
